AoeStats
← Alexander781987

Arabia

509534447Analyzed
1v1 RM · 4d ago on Sep 27, 2026· 19m 56s· 2 players
Game mode
Random Map
Map size
Tiny (2 player)
Population
200
Speed
Normal
Resources
Standard
Victory
Conquest
Starting age
Dark Age
Ending age
Imperial Age
RankedLock teamsTeams togetherTeam positionsShared explorationLock speedFull tech treeHidden civsTurbo modeCheats
Victory
Defeat
🇨🇴 Persians · Colombia
886
+15
🇺🇸 Celts · United States
860
-15
Alexander781987
9:07 Loom
10:52 Feudal Age
11:21 Man-at-Arms
11:56 Double-Bit Axe
12:07 Gold Mining
18:11 Horse Collar
Cid Campeador
9:08 Feudal Age
7:23 Loom
10:01 Double-Bit Axe
10:14 Horse Collar
13:34 Forging
19:22 Fletching
Connection lost

Rejoining the realm…

Still unreachable

The connection could not be restored.

Session expired

The server has moved on; the page needs a fresh start.